[Event "Live Chess"]
[Site "Chess.com"]
[Date "2023.05.20"]
[Round "-"]
[White "Reggie016"]
[Black "CheckThis4"]
[Result "0-1"]
[WhiteElo "1043"]
[BlackElo "2546"]
[TimeControl "300"]
[EndTime "10:25:35 PDT"]
[Termination "CheckThis4 won by resignation"]

1. e4 d5 2. exd5 Nf6 3. d4 Bg4 4. Bb5+ Nbd7 5. Be2 Bxe2 6. Nxe2 Nxd5 7. O-O e6 8. c4 N5f6 9. Nbc3 Be7 10. Re1 O-O 11. b4 Bxb4 12. a3 Be7 13. Ng3 Nb6 14. c5 Nbd5 15.
Nxd5 Nxd5 16. Qf3 Bf6 17. Bb2 b6 18. Ne4 Rb8 19. Nxf6+ Qxf6 20. cxb6 Qxf3 21. gxf3 Rxb6 22. Rab1 Rfb8 23. Re2 Nc3 0-1

[Event "Live Chess"]
[Site "Chess.com"]
[Date "2023.05.20"]
[Round "-"]
[White "booktrunk"]
[Black "Bob2pen"]
[Result "1/2-1/2"]
[WhiteElo "1365"]
[BlackElo "1747"]
[TimeControl "300"]
[EndTime "10:25:39 PDT"]
[Termination "Game drawn by repetition"]

1. d4 Nf6 2. Nc3 d5 3. Bf4 e6 4. h4 Bd6 5. Qd2 Nc6 6. O-O-O O-O 7. Bxd6 Qxd6 8. Nb5 Qe7 9. g3 a6 10. Nc3 b5 11.
Nf3 b4 12. Nb1 Ne4 13. Qe3 a5 14. Ng5 f5 15. Nxe4 fxe4 16. Bh3 Qf6 17. Rhf1 Ba6 18. Rde1 Ne7 19. f3 Nf5 20. Bxf5 exf5 21. Qg1 Qh6+ 22.
Kd1 a4 23. Qh2 Qe3 24. Qf2 Qxf2 25. Rxf2 Rae8 26. fxe4 fxe4 27. Rxf8+ Rxf8 28. Nd2 Rf2 29. Nf1 Kf7 30. Kd2 Ke6 31. Ne3 h6 32. g4 c6 33.
b3 a3 34. c4 dxc4 35. Nxc4 Bxc4 36. bxc4 Rg2 37. g5 hxg5 38. hxg5 Rxg5 39. Rh1 c5 40. dxc5 Rxc5 41. Rg1 Kf6 42. Rf1+ Ke5 43. Rg1 Rc7 44.
Ke3 Rxc4 45. Rxg7 Rc2 46. Re7+ Kd6 47. Rxe4 b3 48. axb3 a2 49. Ra4 Rb2 50. b4 Kc6 51. Kd3 Kb5 52. Ra8 Kxb4 53. Rb8+ Ka3 54. Ra8+ Kb3 55.
Rb8+ Ka3 56. Ra8+ Kb3 57. Rb8+ Ka3 1/2-1/2

[Event "Live Chess"]
[Site "Chess.com"]
[Date "2023.05.20"]
[Round "-"]
[White "Ferrarifan27"]
[Black "Hacker_2009"]
[Result "1-0"]
[WhiteElo "2101"]
[BlackElo "1911"]
[TimeControl "300"]
[EndTime "10:25:42 PDT"]
[Termination "Ferrarifan27 won by resignation"]

1. e4 c5 2. Nf3 d6 3. d4 cxd4 4. Nxd4 Nf6 5. Nc3 a6 6. Bg5 e6 7. f4 Be7 8. Qf3 O-O 9. O-O-O Nc6 10. g4 Qb6 11. Nb3 e5 12. f5 Nd4 13. Nxd4 exd4 14.
Bxf6 Bxf6 15. Nd5 Qd8 16. h4 Bxh4 17. Kb1 b5 18. Qh3 Bb7 19. Qxh4 Qxh4 20. Rxh4 Bxd5 21. exd5 Rfe8 22. Bd3 Re5 23. Rhh1 Rxd5 24. Rhe1 Re5 25. Re4 Rae8 26. Rxd4 d5 27. Bf1 f6 28. Bg2 Kf8 29.
Bxd5 Rd8 30. Kc1 Rd6 31. Bh1 Rxd4 32. Rxd4 Re1+ 33. Rd1 Re3 34. Kd2 Rg3 35. Ke2 Rxg4 36. Kf3 Rc4 37. c3 Rc5 38. Kf4 Rc4+ 39. Rd4 Rxd4+ 40. cxd4 a5 41. b4 axb4 42. Bc6 b3 43. axb3 b4 44. Ke4 Ke7 45. Kd5 g6 46. fxg6 hxg6 47.
Kc5 f5 48. Kxb4 g5 49. Kc5 g4 50. d5 f4 51. d6+ Kd8 52. b4 f3 53. b5 f2 54. Bg2 1-0

[Event "Live Chess"]
[Site "Chess.com"]
[Date "2023.05.20"]
[Round "-"]
[White "Prijmak"]
[Black "Hussamalhaidar"]
[Result "1-0"]
[WhiteElo "996"]
[BlackElo "984"]
[TimeControl "300"]
[EndTime "10:25:45 PDT"]
[Termination "Prijmak won by resignation"]

1. e4 Nc6 2. d4 e5 3. d5 Nce7 4. f4 exf4 5. Bxf4 Nf6 6. Bd3 Ng6 7.
Be3 b6 8. Nf3 Bc5 9. Bxc5 bxc5 10. O-O d6 11. Nc3 Bg4 12. h3 Bd7 13. Qe2 O-O 14. Nh2 Re8 15. Qf2 Ne5 16. b3 Nxd3 17. cxd3 Bb5 18. a4 Bxd3 19. Rfe1 Bxe4 20. Nxe4 Nxe4 21.
Qf3 Nd2 22. Qf2 Rxe1+ 23. Rxe1 Nxb3 24. Rf1 Qf6 25. Qxf6 gxf6 26. Rxf6 Kg7 27. Ng4 h5 28. Rf3 hxg4 29. Rxb3 gxh3 30. gxh3 a5 31. Rb7 Rc8 32. Kf2 c6 33. dxc6 Rxc6 34. Ke3 d5 35. Rb5 d4+ 36. Kd3 c4+ 37. Kxd4 c3 38. Rb1 c2 39. Rc1 f5 40.
Kd3 f4 41. Rxc2 Rxc2 42. Kxc2 Kg6 43. Kd2 Kg5 44. Ke2 Kh4 45. Kf3 Kxh3 46. Kxf4 Kg2 47. Ke4 Kf2 48. Kd4 Ke2 49. Kc4 Kd2 50. Kb5 Kc3 51. Kxa5 Kc4 52. Kb6 Kb4 53. a5 Ka4 54. a6 Kb4 55. a7 Ka4 56. a8=Q+ Kb4 57. Qe4+ 1-0

[Event "Live Chess"]
[Site "Chess.com"]
[Date "2023.05.20"]
[Round "-"]
[White "daniel9395"]
[Black "ickabod1100"]
[Result "0-1"]
[WhiteElo "561"]
[BlackElo "933"]
[TimeControl "300"]
[EndTime "10:25:49 PDT"]
[Termination "ickabod1100 won on time"]

1. d4 d5 2. Nf3 Nc6 3. c3 Nf6 4.
Nbd2 Qd6 5. e4 dxe4 6. Ne5 Nxe5 7. dxe5 Qxe5 8. Nc4 Qd5 9. Qa4+ c6 10. Nb6 Qb5 11.
Qxb5 cxb5 12. Nxa8 e5 13. Bxb5+ Kd8 14. Be3 Bd7 15.
a4 Nd5 16. Bxa7 e3 17. fxe3 Bxb5 18. axb5 Bd6 19. e4 Nf4 20. O-O Nd3 21. Nb6 Kc7 22. Nd5+ Kd7 23. b6 Nc5 24. Rxf7+ Ke6 25. Rxg7 Nxe4 26.
Rxb7 Kxd5 27. Rf7 Bc5+ 28. Kf1 Nd2+ 29. Ke2 Nb3 30. Rd1+ Kc4 31. Rf3 Re8 32. Rd4+ Nxd4+ 33. cxd4 exd4+ 34. Kd2 Rg8 35. b7 Bxa7 36. b8=Q Bxb8 0-1

[Event "Live Chess"]
[Site "Chess.com"]
[Date "2023.05.20"]
[Round "-"]
[White "profpirate4"]
[Black "TDCMF"]
[Result "1-0"]
[WhiteElo "1018"]
[BlackElo "340"]
[TimeControl "300"]
[EndTime "10:26:01 PDT"]
[Termination "profpirate4 won by checkmate"]

1. d4 d5 2. c4 e5 3. dxe5 d4 4. Nf3 Nc6 5. Nbd2 Nf6 6. exf6 Qxf6 7.
Nb3 Bc5 8. Nxc5 Qf5 9. Nb3 Nb4 10. Nfxd4 Qe4 11. e3 c5 12. Nxc5 Qg6 13. Qa4+ Bd7 14. Qxb4 Bf5 15. Nxf5 Qxf5 16. Qb5+ Ke7 17. Bd3 Qf6 18.
Qxb7+ Kd6 19. Ne4+ Ke6 20. Nxf6 Kxf6 21. Qe4 Rhe8 22.
Qf5+ Ke7 23. b3 g6 24. Ba3+ Kd8 25. Qd5+ Kc8 26. Qc6+ Kd8 27. Rd1 Rc8 28. Bxg6# 1-0

[Event "Live Chess"]
[Site "Chess.com"]
[Date "2023.05.20"]
[Round "-"]
[White "Daniel_Gliddon_FA"]
[Black "HD_IN4k"]
[Result "1-0"]
[WhiteElo "1179"]
[BlackElo "325"]
[TimeControl "300"]
[EndTime "10:26:04 PDT"]
[Termination "Daniel_Gliddon_FA won by checkmate"]

1. e4 g6 2. d4 Bg7 3. Nf3 d6 4. Bc4 e5 5. dxe5 dxe5 6. Qxd8+ Kxd8 7. Nxe5 Bxe5 8. O-O Nf6 9. f4 Bd6 10. e5 Bxe5 11.
fxe5 Ne4 12. Rxf7 Nd7 13. e6 Ng5 14. e7+ Ke8 15. Bxg5 Ne5 16. Rg7 Nxc4 17. Nc3 Nxb2 18. Nd5 Be6 19. Nf6# 1-0

[Event "Live Chess"]
[Site "Chess.com"]
[Date "2023.05.20"]
[Round "-"]
[White "EdenHazard8"]
[Black "LaupMiths"]
[Result "1-0"]
[WhiteElo "2118"]
[BlackElo "1821"]
[TimeControl "300"]
[EndTime "10:26:09 PDT"]
[Termination "EdenHazard8 won by resignation"]

1. e4 c5 2. Nc3 Nc6 3. f4 e6 4.
Nf3 g6 5. Bb5 Bg7 6. Bxc6 bxc6 7. O-O d5 8. d3 Ne7 9. Qe1 O-O 10. Qh4 f6 11. f5 exf5 12. Bh6 fxe4 13. dxe4 dxe4 14.
Bxg7 Kxg7 15. Nxe4 Nf5 16. Qf4 Qb6 17. Rae1 Ba6 18.
Rf2 Rad8 19. Ng3 c4 20. Nxf5+ gxf5 21. Re7+ Rf7 22. Rxf7+ Kxf7 23. h3 Rd1+ 24. Kh2 Qxf2 25. Ne5+ fxe5 26. Qxf2 f4 27. Qf3 Rd6 28. Qa3 Kf6 29.
Qxd6+ 1-0

[Event "Live Chess"]
[Site "Chess.com"]
[Date "2023.05.20"]
[Round "-"]
[White "ossie57"]
[Black "YrrriKharkiv"]
[Result "1-0"]
[WhiteElo "1872"]
[BlackElo "2053"]
[TimeControl "300"]
[EndTime "10:26:13 PDT"]
[Termination "ossie57 won by resignation"]

1. d4 Nf6 2. Nc3 g6 3. Bf4 d6 4. e3 Bg7 5. Be2 Nbd7 6. h4 e5 7. dxe5 dxe5 8. Bg5 c6 9. h5 h6 10. Bxf6 Qxf6 11. hxg6 Qxg6 12. Nf3 Nb6 13. Qd3 Qxd3 14. cxd3 Be6 15. Ne4 Ke7 16. Nc5 Rab8 17. Nxe6 Kxe6 18. O-O-O Rbd8 19. d4 exd4 20. Nxd4+ Bxd4 21. exd4 Nd5 22. Bc4 Kf6 23. Bxd5 Rxd5 24. Rd3 h5 25. Rf3+ Kg6 26. Rf4 Rhd8 27. Rfh4 Rg5 28. g3 Rdd5 29. Kc2 Rg4 30. Rxg4+ hxg4 31. Kc3 c5 32. Rd1 f5 33. Kc4 Rxd4+ 34. Rxd4 cxd4 35. Kxd4 Kf6 36. Kd5 f4 37. gxf4 Kf5 38. Kd6 Kxf4 39. Ke6 Kf3 40. Kf5 Kxf2 41. Kxg4 Ke3 42. Kf5 Kd3 43. Ke5 Kc2 44. Kd5 Kxb2 45.
a4 Kb3 46. a5 Kb4 47. a6 b6 48. Kc6 Ka5 49. Kb7 b5 50. Kxa7 b4 51. Kb7 b3 52. a7 b2 53. a8=Q+ Kb4 54. Qa2 Kc3 55. Qb1 1-0

[Event "Live Chess"]
[Site "Chess.com"]
[Date "2023.05.20"]
[Round "-"]
[White "McSlash1"]
[Black "1600x"]
[Result "0-1"]
[WhiteElo "2056"]
[BlackElo "1480"]
[TimeControl "300"]
[EndTime "10:26:14 PDT"]
[Termination "1600x won by resignation"]

1. e4 e5 2. Nf3 Nf6 3. Nxe5 Nxe4 4. Qe2 Qe7 5. Qxe4 f5 6. Qxf5 Nc6 7.
f4 d6 8. Qf7+ Qxf7 9. Nxf7 Kxf7 10. Bc4+ Be6 11. Bxe6+ Kxe6 12. O-O d5 13. c3 Bd6 14. d4 Rae8 15. f5+ Kd7 16. Bg5 Rhf8 17. Nd2 h6 18. Bh4 Re2 19. Rad1 b5 20. Rfe1 Rxe1+ 21. Rxe1 Rxf5 22. Nf3 g5 23. Bf2 g4 24. Nh4 Bxh2+ 25. Kxh2 Rxf2 26. Nf5 Rxf5 0-1

[Event "Live Chess"]
[Site "Chess.com"]
[Date "2023.05.20"]
[Round "-"]
[White "AttackingSnowLeopard"]
[Black "kenn48"]
[Result "1-0"]
[WhiteElo "2064"]
[BlackElo "1321"]
[TimeControl "300"]
[EndTime "10:26:16 PDT"]
[Termination "AttackingSnowLeopard won by checkmate"]

1. d4 Nf6 2. c4 e6 3. Nf3 Nc6 4. Nc3 d5 5. Bg5 Be7 6. e3 Ne4 7. Bxe7 Qxe7 8. Bd3 Nxc3 9. bxc3 O-O 10. O-O e5 11.
cxd5 e4 12. dxc6 exd3 13. Qxd3 bxc6 14. Ne5 Bb7 15. Rab1 Rab8 16. Qc4 Qg5 17. Nd7 c5 18. Rxb7 Rxb7 19. Nxf8 Kxf8 20. dxc5 Rb2 21. h3 g6 22. Rd1 Qf5 23. f4 Qc2 24. Rd8+ Kg7 25. Qd5 Qc1+ 26. Kh2 Qxe3 27. Qd4+ Qxd4 28. cxd4 Rxa2 29. Rd7 c6 30. Rd6 Rd2 31. Kg3 a5 32. Kf3 a4 33. Ke3 Rxg2 34.
Rxc6 Rg3+ 35. Ke4 Rxh3 36. Ra6 a3 37. c6 f5+ 38. Ke5 Re3+ 39. Kd6 Re4 40. d5 Re3 41. c7 Rc3 42. Kd7 g5 43. Rxa3 Rxa3 44. c8=Q Ra7+ 45.
Ke6 Rf7 46. d6 g4 47. d7 Rf6+ 48. Ke5 Rf7 49. d8=Q g3 50. Qg5# 1-0

[Event "Live Chess"]
[Site "Chess.com"]
[Date "2023.05.20"]
[Round "-"]
[White "Pablo_dmp"]
[Black "KeithArkell"]
[Result "0-1"]
[WhiteElo "1871"]
[BlackElo "2611"]
[TimeControl "300"]
[EndTime "10:26:20 PDT"]
[Termination "KeithArkell won by resignation"]

1. e4 c6 2. d4 d5 3. e5 c5 4.
dxc5 Nc6 5. f4 Bf5 6. Nf3 e6 7. Be3 Nge7 8. c3 Bg4 9. Be2 Nf5 10.
Bf2 a5 11. Na3 Be7 12. Nb5 O-O 13. a4 f6 14. Nd6 Bxf3 15. Bxf3 fxe5 16. Nxb7 Qc7 17.
Nd6 Nxd6 18. cxd6 Bxd6 19. fxe5 Nxe5 20. O-O Nxf3+ 21. gxf3 Bxh2+ 22. Kg2 Rf5 23. Rh1 Bf4 24. Qe2 Qf7 25. Bg3 Rg5 26. Rh3 Qg6 27. Qf2 Rb8 28.
Ra2 Qb1 29. b4 axb4 30. cxb4 Rxb4 31. a5 Bxg3 32. Rxg3 Rxg3+ 33. Kxg3 Qg6+ 34. Kh3 Rb1 35. Qg2 Qh5+ 36. Kg3 Rb4 37. Kf2 Qh4+ 38. Ke2 Qc4+ 39. Ke3 Rb3+ 40. Kf2 Rb8 41. a6 Qxa2+ 0-1

[Event "Live Chess"]
[Site "Chess.com"]
[Date "2023.05.20"]
[Round "-"]
[White "viktorskliarov"]
[Black "MaximKhimchenko"]
[Result "1-0"]
[WhiteElo "2648"]
[BlackElo "1350"]
[TimeControl "300"]
[EndTime "10:26:21 PDT"]
[Termination "viktorskliarov won by resignation"]

1. e4 c5 2. Nf3 Nc6 3. Bb5 d6 4. d4 cxd4 5. Qxd4 Bd7 6. Bxc6 bxc6 7. c4 e5 8. Qd3 Nf6 9. O-O Be7 10. Nc3 O-O 11.
c5 dxc5 12. Nxe5 Be8 13. Qxd8 Rxd8 14. Be3 Bd6 15. Nc4 Be7 16. f3 Bd7 17. Rac1 Be6 18. Na5 Rc8 19. b3 Rfd8 20. Na4 Nd7 21. Rf2 Ne5 22. Rfc2 Nd3 23. Rf1 Nb4 24. Re2 Rd3 25. Bxc5 Bxc5+ 26. Nxc5 Rc3 27. Na4 Rc2 28. Rxc2 Nxc2 29.
Rc1 Nb4 30. a3 Nd3 31. Rc3 Ne5 32. f4 Ng4 33. h3 Nf6 34. Nc5 Nd7 35. Nxe6 fxe6 36.
Rxc6 Rxc6 37. Nxc6 a6 38. Nb4 Nc5 39. e5 Nxb3 40.
Nxa6 Na5 41. Nc5 Kf7 42. Kf2 Ke7 43. Ke2 g6 44. Kd3 Nc6 45. Kc4 Na5+ 46. Kb5 1-0

[Event "Live Chess"]
[Site "Chess.com"]
[Date "2023.05.20"]
[Round "-"]
[White "JoshMcK"]
[Black "MrDodgy"]
[Result "0-1"]
[WhiteElo "1528"]
[BlackElo "2322"]
[TimeControl "300"]
[EndTime "10:26:21 PDT"]
[Termination "MrDodgy won by resignation"]

1. e4 e6 2. d4 d5 3. Nc3 Nf6 4.
e5 Nfd7 5. f4 c5 6. Nf3 Nc6 7. Be3 a6 8. a3 Be7 9. Bd3 b5 10. O-O Qb6 11. dxc5 Bxc5 12. Bxc5 Nxc5 13. Ne2 Nxd3+ 14. Kh1 Nf2+ 15. Rxf2 Qxf2 0-1

[Event "Live Chess"]
[Site "Chess.com"]
[Date "2023.05.20"]
[Round "-"]
[White "Olisingapore"]
[Black "CheckString"]
[Result "1-0"]
[WhiteElo "1939"]
[BlackElo "1275"]
[TimeControl "300"]
[EndTime "10:26:35 PDT"]
[Termination "Olisingapore won by resignation"]

1. d4 g6 2. c4 Bg7 3. g3 Nf6 4. Bg2 O-O 5. Nc3 d6 6. Nf3 a6 7.
O-O Bg4 8. e4 Nbd7 9. h3 Bxf3 10. Bxf3 e5 11. d5 Nc5 12. Bg5 h6 13. Be3 Qd7 14. Kg2 c6 15. b4 cxd5 16. cxd5 Ne6 17. dxe6 Qxe6 18. Nd5 Nxd5 19. Qxd5 Qxd5 20. exd5 Rac8 21.
Rac1 f5 22. Rxc8 Rxc8 23. Rc1 Rxc1 24. Bxc1 e4 25. Be2 Bc3 26. b5 a5 27. a4 b6 28.
Be3 Bb4 29. Bxb6 Kf7 30. Bd4 Bc5 31. Bxc5 dxc5 32. b6 1-0

[Event "Live Chess"]
[Site "Chess.com"]
[Date "2023.05.20"]
[Round "-"]
[White "PaulyD81"]
[Black "CeladonFish"]
[Result "1-0"]
[WhiteElo "1105"]
[BlackElo "958"]
[TimeControl "300"]
[EndTime "10:26:42 PDT"]
[Termination "PaulyD81 won by checkmate"]

1. d4 Nf6 2. c4 g6 3. Nc3 Bg7 4.
e4 O-O 5. Nf3 d6 6. Be2 c6 7. O-O a6 8. Bg5 b5 9. b3 b4 10. Na4 Nxe4 11. Qd3 d5 12. cxd5 cxd5 13. Nc5 Nxc5 14. dxc5 Bxa1 15. Rxa1 Bf5 16. Qd4 f6 17. Bh6 e5 18. Nxe5 fxe5 19. Qxe5 Re8 20. Qg7# 1-0

[Event "Live Chess"]
[Site "Chess.com"]
[Date "2023.05.20"]
[Round "-"]
[White "misha464"]
[Black "PantherCal"]
[Result "0-1"]
[WhiteElo "761"]
[BlackElo "1858"]
[TimeControl "300"]
[EndTime "10:26:46 PDT"]
[Termination "PantherCal won by resignation"]

1. e4 d5 2. exd5 Qxd5 3. Nc3 Qa5 4. Nf3 Nf6 5. d4 Bf5 6. Bd2 c6 7. Be2 e6 8. O-O Nbd7 9. h3 Ba3 10. Ne4 Qd8 11.
Nxf6+ Nxf6 12. bxa3 O-O 13. Bb4 Re8 14. Bd3 Bg6 15.
Ne5 Qxd4 16. Nxg6 hxg6 17. Re1 c5 18. Bd2 Rad8 19. Bc1 c4 20. Qg4 Nxg4 0-1

[Event "Live Chess"]
[Site "Chess.com"]
[Date "2023.05.20"]
[Round "-"]
[White "Vedant-1411"]
[Black "booktrunk"]
[Result "0-1"]
[WhiteElo "878"]
[BlackElo "1366"]
[TimeControl "300"]
[EndTime "10:26:55 PDT"]
[Termination "booktrunk won by resignation"]

1. d4 d5 2. Nf3 Bf5 3. Nc3 e6 4. a3 c6 5. Bf4 Nf6 6. e3 Nh5 7.
Bd3 Nxf4 8. exf4 Bxd3 9. Qxd3 Be7 10. O-O Qd6 11. g3 Nd7 12. Ne5 Nf6 13. Ng4 Nxg4 0-1

[Event "Live Chess"]
[Site "Chess.com"]
[Date "2023.05.20"]
[Round "-"]
[White "seabuck"]
[Black "HoarseyHorsey"]
[Result "1-0"]
[WhiteElo "1845"]
[BlackElo "1384"]
[TimeControl "300"]
[EndTime "10:26:58 PDT"]
[Termination "seabuck won by checkmate"]

1. d4 Nf6 2. c4 e6 3. Nc3 d5 4. Nf3 Bb4 5. e3 O-O 6. a3 Bxc3+ 7.
bxc3 c6 8. Bd3 Nbd7 9. O-O Re8 10. Re1 Qc7 11. Qc2 e5 12. dxe5 Nxe5 13. Nxe5 Qxe5 14. cxd5 cxd5 15. Bb2 h6 16. c4 Qd6 17. Bxf6 Qxf6 18. cxd5 Rd8 19. e4 Bd7 20. e5 Qf4 21. Qc1 Qd4 22. Qc4 Qxc4 23. Bxc4 Bf5 24. h3 Rac8 25. Rac1 a6 26. f3 b5 27. Bb3 Re8 28. Rxc8 Rxc8 29. g4 Bd3 30. Re3 Bc4 31. Kf2 Bxb3 32. Rxb3 Rc5 33.
Rd3 Kf8 34. Ke3 Ke7 35. f4 Kd7 36. h4 a5 37. Ke4 g6 38. f5 Rc4+ 39. Rd4 Rc3 40.
e6+ fxe6 41. dxe6+ Ke7 42. Ke5 Re3+ 43. Kd5 g5 44. hxg5 hxg5 45. Kc5 Rxa3 46. Kxb5 Ra1 47. Rd7+ Ke8 48. Ra7 Rg1 49. f6 Re1 50. Ra8# 1-0

[Event "Live Chess"]
[Site "Chess.com"]
[Date "2023.05.20"]
[Round "-"]
[White "JoeyCage"]
[Black "LutherSullivan"]
[Result "1/2-1/2"]
[WhiteElo "2295"]
[BlackElo "1878"]
[TimeControl "300"]
[EndTime "10:27:09 PDT"]
[Termination "Game drawn - timeout vs insufficient material"]

1. e4 c5 2. Nf3 Nc6 3. d4 cxd4 4. Nxd4 g6 5. Nc3 Bg7 6. Be3 Nf6 7. Bc4 O-O 8. Bb3 a5 9. a4 Ng4 10. Qxg4 Nxd4 11.
Qd1 Nxb3 12. cxb3 d6 13. Bd4 Be6 14. Bxg7 Kxg7 15. O-O Qb6 16. Nd5 Bxd5 17. Qxd5 Rfc8 18. Rac1 Qb4 19. Rc4 Qxb3 20. Rxc8 Qxd5 21. exd5 Rxc8 22.
g3 Rc4 23. b3 Rd4 24. Rc1 Kf6 25. Rc7 Rb4 26. Rc3 Ke5 27. Re3+ Re4 28. Rd3 Re1+ 29. Kg2 Ke4 30. Rd2 f5 31. h4 b6 32.
Kh2 Kf3 33. Rc2 Rb1 34. Rc7 Rxb3 35. Rxe7 Kxf2 36. Rxh7 Rxg3 37. Rd7 Rg4 38. Kh3 Rxa4 39. Rxd6 Ra3+ 40. Kh2 Rg3 41. Rxb6 Rg4 42. Kh3 a4 43. d6 Rd4 44. Rb2+ Kf3 45. Ra2 f4 46. d7 Rxd7 47. Rxa4 Rd3 48. Ra2 Ke4+ 49. Kg2 Kf5 50. Ra5+ Kf6 51.
Rg5 Re3 52. Kf2 Rh3 53. Rg4 Kf5 54. Rg5+ Ke4 55. Rxg6 Rh2+ 56. Kg1 Rxh4 57. Rg8 Kf3 58.
Ra8 Kg3 59. Ra3+ f3 60. Rb3 Rc4 61. Rb1 Re4 62. Rc1 Re2 63. Rb1 Rg2+ 64. Kh1 Rh2+ 65. Kg1 f2+ 66. Kf1 Rh1+ 67. Ke2 Rxb1 68. Kd2 f1=Q 69.
Kc2 Qd1+ 70. Kc3 Rb3+ 71. Kc4 Qd3+ 72. Kc5 Rb5+ 73. Kc6 Qd5+ 74. Kc7 1/2-1/2

[Event "Live Chess"]
[Site "Chess.com"]
[Date "2023.05.20"]
[Round "-"]
[White "LodeshChess"]
[Black "CocheseUK"]
[Result "1-0"]
[WhiteElo "927"]
[BlackElo "1141"]
[TimeControl "300"]
[EndTime "10:27:12 PDT"]
[Termination "LodeshChess won on time"]

1. e4 e5 2. Nf3 Nc6 3. c3 d6 4.
h3 Bd7 5. d4 Nf6 6. Bd3 Be7 7.
O-O O-O 8. Bg5 h6 9. Bh4 Qc8 10. dxe5 dxe5 11. Kh2 g5 12. Bg3 g4 13. Nxe5 Nxe5 14.
h4 Ng6 15. Nd2 Nh5 16. f3 Nxg3 17. Kxg3 Bxh4+ 18. Kh2 Nf4 19. Nc4 gxf3 20. Qxf3 Ng6 21. g3 Bg4 22. Qf2 Be7 23. e5 Qe6 24. Bxg6 Qxg6 25.
Qd4 Rad8 26. Qe3 h5 27. Rf4 1-0

[Event "Live Chess"]
[Site "Chess.com"]
[Date "2023.05.20"]
[Round "-"]
[White "matt1979"]
[Black "Horseymobile"]
[Result "0-1"]
[WhiteElo "1471"]
[BlackElo "1250"]
[TimeControl "300"]
[EndTime "10:27:16 PDT"]
[Termination "Horseymobile won by resignation"]

1. f4 d5 2. e3 Nc6 3. Bb5 Bd7 4. Nf3 Nf6 5. d3 e6 6. b3 Bc5 7. Bxc6 Bxc6 8. Ne5 Qd6 9. Bb2 Bxe3 10. Qe2 Bxf4 11.
Nxc6 bxc6 12. g3 Bg5 13. O-O h5 14. Be5 Qe7 15. Nd2 h4 16. Nf3 Ng4 17. Nxh4 Nxe5 18. Qxe5 Bxh4 19. Qxg7 O-O-O 20. Rxf7 Qd6 21. gxh4 Rhg8 22.
Qxg8 Rxg8+ 0-1

[Event "Live Chess"]
[Site "Chess.com"]
[Date "2023.05.20"]
[Round "-"]
[White "zdanevych"]
[Black "Dark_Night123"]
[Result "1/2-1/2"]
[WhiteElo "1553"]
[BlackElo "1575"]
[TimeControl "300"]
[EndTime "10:27:20 PDT"]
[Termination "Game drawn by agreement"]

1. d4 Nf6 2. c4 e6 3. Nc3 Bb4 4.
a3 Bxc3+ 5. bxc3 b6 6. Nf3 Bb7 7. Bg5 h6 8. Bh4 d6 9. e3 Nbd7 10. Bd3 g5 11. Bg3 Ne4 12. Qc2 f5 13. h3 Ndf6 14. O-O Nxg3 15. fxg3 Qe7 16. Rfe1 Ne4 17. Bxe4 Bxe4 18. Qa4+ c6 19. Nd2 Qd7 20. Nxe4 fxe4 21. Rf1 O-O-O 22. d5 exd5 23. cxd5 cxd5 24. Qxd7+ Rxd7 25. Rad1 Rc7 26. Rxd5 Rxc3 27. a4 Rxe3 28. Rxd6 Rxg3 29. Rf7 Rd8 30. Rc6+ Kb8 31. Rcc7 e3 32. Rxa7 e2 33. Rae7 Rd1+ 34. Kh2 Rxg2+ 35. Kxg2 e1=Q 36. Rxe1 Rxe1 37. Rf6 Kc7 38. Rxh6 Re4 39. Rh7+ Kc6 40. Ra7 g4 41. hxg4 Rxg4+ 42. Kf3 Rg5 43. Ke4 Rc5 44. Kd4 Rd5+ 45. Kc4 Rc5+ 46. Kd4 Rd5+ 1/2-1/2

[Event "Live Chess"]
[Site "Chess.com"]
[Date "2023.05.20"]
[Round "-"]
[White "jameskwong"]
[Black "Misha145Chess"]
[Result "1-0"]
[WhiteElo "2162"]
[BlackElo "611"]
[TimeControl "300"]
[EndTime "10:27:21 PDT"]
[Termination "jameskwong won by checkmate"]

1. e4 e6 2. d4 d5 3. e5 Nc6 4.
Nf3 Bb4+ 5. c3 Ba5 6. a4 Bb6 7.
Bd3 h6 8. O-O Nge7 9. b4 a5 10.
b5 Na7 11. Ba3 O-O 12. Nbd2 Re8 13. Nh4 g5 14. Nhf3 Nf5 15. g4 Nh4 16. Nxh4 gxh4 17. f4 f5 18. gxf5 exf5 19. Qh5 Kg7 20. Kh1 Qd7 21. Rg1+ Kh7 22. Qg6+ Kh8 23. Bxf5 Qg7 24.
Qxg7# 1-0

[Event "Live Chess"]
[Site "Chess.com"]
[Date "2023.05.20"]
[Round "-"]
[White "vinni3012"]
[Black "ms_lilley"]
[Result "1-0"]
[WhiteElo "1866"]
[BlackElo "581"]
[TimeControl "300"]
[EndTime "10:27:26 PDT"]
[Termination "vinni3012 won by checkmate"]

1. d4 d5 2. c4 e6 3. Nc3 a6 4.
cxd5 exd5 5. Nf3 Nf6 6. h3 h6 7. Bf4 Ne4 8. Nd2 Nxc3 9. bxc3 Bd6 10. Bxd6 Qxd6 11. e4 O-O 12. e5 Qa3 13. Qc2 Be6 14. f4 c5 15. Nb3 cxd4 16. cxd4 Qb4+ 17. Qd2 Nc6 18. Bd3 Qxd2+ 19. Kxd2 Nb4 20. g4 Rac8 21. Nc5 Nxd3 22. Kxd3 g5 23. f5 Bxf5+ 24. gxf5 f6 25. e6 b5 26. Nd7 Rfe8 27. Nxf6+ Kg7 28. Nxe8+ Rxe8 29. Rac1 Kf6 30. Rhf1 h5 31. Rc7 g4 32.
hxg4 hxg4 33. Rf7+ Kg5 34. e7 g3 35. f6 Kg4 36. Rf8 g2 37. Rg1 Kf3 38. Rxg2 Kxg2 39. Rxe8 b4 40. Rb8 a5 41. e8=Q a4 42. Qe2+ Kg3 43. Rg8+ Kf4 44. Qe3+ Kf5 45. Rg5+ Kxf6 46. Qe5+ Kf7 47. Rg7+ Kf8 48. Qe7# 1-0

[Event "Live Chess"]
[Site "Chess.com"]
[Date "2023.05.20"]
[Round "-"]
[White "KGreenGator"]
[Black "GEMdzq"]
[Result "0-1"]
[WhiteElo "1761"]
[BlackElo "2281"]
[TimeControl "300"]
[EndTime "10:27:30 PDT"]
[Termination "GEMdzq won by checkmate"]

1. c4 b6 2. d4 e6 3. Nc3 Bb7 4. e4 Bb4 5. Qd3 Ne7 6. Ne2 O-O 7. g3 f5 8. Bg2 Nbc6 9. a3 Bxc3+ 10. Nxc3 Na5 11. b4 Nb3 12. Rb1 Nxc1 13. Rxc1 fxe4 14.
Bxe4 Bxe4 15. Qxe4 Nf5 16. O-O Nd6 17. Qd3 Qg5 18.
Ne4 Nxe4 19. Qxe4 Rae8 20. d5 Re7 21. dxe6 Rxe6 22. Qd4 Rd6 23. Qe4 Rd2 24. Rcd1 h6 25. Rxd2 Qxd2 26. Qd5+ Qxd5 27. cxd5 Kf7 28. Rc1 Rc8 29.
Kg2 Ke7 30. Kf3 Kd6 31. Ke4 Re8+ 32. Kd3 Re5 33. Rc4 Rxd5+ 34. Kc3 Rf5 35. f4 g5 36. fxg5 hxg5 37. Rd4+ Ke7 38. Rc4 c6 39. Re4+ Kd6 40.
Rd4+ Kc7 41. Rd2 d5 42. Kb2 Rf3 43. Re2 Kd6 44. a4 c5 45. b5 c4 46. Rg2 d4 47.
g4 Kc5 48. Re2 c3+ 49. Kb3 d3 50. Re5+ Kd4 51. Re8 c2 52. Kb2 Rf1 53. Rd8+ Ke3 54.
Re8+ Kd2 55. Rc8 Rb1+ 56. Ka2 c1=Q 57. Rxc1 Rxc1 58. a5 bxa5 59. h3 Rc4 60. Kb3 Rb4+ 61. Ka3 Kc3 62. b6 axb6 63. h4 Rb1 64. Ka2 Rb5 65.
Ka3 d2 66. h5 d1=Q 67. Ka2 Qb1+ 68. Ka3 Qa1# 0-1

[Event "Live Chess"]
[Site "Chess.com"]
[Date "2023.05.20"]
[Round "-"]
[White "TheSmoulderingMaster"]
[Black "VovaOvchar1990"]
[Result "1-0"]
[WhiteElo "1790"]
[BlackElo "1188"]
[TimeControl "300"]
[EndTime "10:27:33 PDT"]
[Termination "TheSmoulderingMaster won by checkmate"]

1. e4 e5 2. Nf3 Nc6 3. Bb5 Bc5 4. O-O d6 5. c3 a6 6. Ba4 b5 7. Bc2 Nf6 8. d4 exd4 9. cxd4 Ba7 10. Bg5 h6 11.
Bh4 O-O 12. Nc3 Qe7 13. Nd5 Qe6 14. Bxf6 gxf6 15. Nxc7 Qc4 16. Nxa8 Bg4 17. Nc7 Bxf3 18. gxf3 Nxd4 19. Nd5 Qxc2 20. Qxc2 Nxc2 21. Rac1 Nd4 22. Nxf6+ Kg7 23. Ng4 Ne2+ 24. Kg2 Nxc1 25. Rxc1 Rg8 26. Rc7 Bc5 27. e5 Kg6 28. exd6 Bxd6 29. Rc6 Rd8 30.
Ne5+ Kf5 31. Nxf7 Rg8+ 32. Kh3 Bb4 33. Nxh6+ Kf4 34. Nxg8 Kxf3 35. Rf6+ Ke2 36. f4 a5 37.
f5 a4 38. Rf7 a3 39. bxa3 Bxa3 40. f6 b4 41. Re7+ Kd3 42. f7 Kc2 43. f8=Q Kb2 44. Qf2+ Kc3 45. Re3+ Kc4 46. Qf4+ Kb5 47. Re5+ Ka4 48.
Qc4 Bb2 49. Rb5 Bc3 50. a3 Kxa3 51. Ra5+ Kb2 52. Ra2+ Kb1 53. Rg2 b3 54. Qf1+ Be1 55. Qxe1# 1-0

[Event "Live Chess"]
[Site "Chess.com"]
[Date "2023.05.20"]
[Round "-"]
[White "ranvir123"]
[Black "terrub10"]
[Result "1-0"]
[WhiteElo "908"]
[BlackElo "811"]
[TimeControl "300"]
[EndTime "10:27:40 PDT"]
[Termination "ranvir123 won by checkmate"]

1. e4 e5 2. Nf3 Nc6 3. Bc4 Nf6 4.
Ng5 Rg8 5. Bxf7+ Ke7 6. Bxg8 d5 7. exd5 Bg4 8. f3 Bh5 9. dxc6 bxc6 10. Nc3 e4 11.
Ngxe4 Nxg8 12. g4 Bg6 13. Ng5 Kf6 14. Nce4+ Bxe4 15. Nxe4+ Ke5 16. Qe2 Bb4 17. Ng5+ Kf4 18. Ne6# 1-0